 Dungeon Sprint DCSS version 0.28-a0-1429-gf3d713df7a (webtiles) character file.

Game seed: 1418104078430045633

26227 mhtbhm the Executioner (level 12, -7/132 HPs)
             Began as a Purple Draconian Berserker on Jan 9, 2022.
             Was the Champion of Trog.
             Succumbed to a death drake's dark miasma
             ... in the Dungeon (Sprint III: "The Ten Rune Challenge").
             The game lasted 00:10:42 (6021 turns).

mhtbhm the Executioner (Purple Draconian Berserker) Turns: 6021, Time: 00:10:43

Health: -7/132     AC:  8    Str: 23    XL:     12   Next: 96%
Magic:  12/12      EV: 17    Int: 10    God:    Trog [******]
Gold:   990        SH:  0    Dex: 10    Spells: 11/11 levels left

rFire   . . .      SeeInvis .   z - +6 battleaxe (vorpal)
rCold   + . .      Faith    .   (shield currently unavailable)
rNeg    . . .      Spirit   .   (armour unavailable)
rPois   .          Reflect  .   y - +0 hat
rElec   .          Harm     .   (no cloak)
rCorr   .          Rampage  .   (no gloves)
Will    +....      NoTele   +   (no boots)
Stlth   +++.......              (no amulet)
HPRegen 0.32/turn               (no ring)
MPRegen 0.13/turn               (no ring)

@: lethally poisoned (-7 -> -56), on berserk cooldown, slowed, very slow
A: breathe power, AC +8, unfitting armour, cold-blooded, cold resistance 1
a: Breathe Dispelling Energy, Renounce Religion, Berserk, Trog's Hand, Brothers
in Arms


You were in the Dungeon.
You worshipped Trog.
Trog was exalted by your worship.
You visited 1 branch You collected 1672 gold pieces.
You spent 682 gold pieces at shops.

Inventory:

Hand Weapons
 a - the +1 battleaxe of Kyttaonn {antimagic, *Noise rC+ Str+7}
   (Trog gifted it to you in the Dungeon)

   It reduces the magical energy of the wielder, and disrupts the spells and
   magical abilities of those it strikes.
   Natural abilities and divine invocations are not affected.
   Str:       It affects your strength (+7).
   rC:        It protects you from cold.
   *Noise:    It may make noises in combat.
 x - a +3 broad axe of flaming
 z - a +6 vorpal battleaxe (weapon)
Missiles
 s - 7 curare-tipped darts (quivered)
 w - 6 silver javelins
Armour
 y - a +0 hat (worn)
Wands
 o - a wand of mindburst (22)
 t - a wand of acid (3)
 u - a wand of digging (5)
Scrolls
 g - a scroll of blinking
 i - a scroll of torment {unknown}
 j - 3 scrolls of identify {unknown}
 l - a scroll of immolation {unknown}
 m - 2 scrolls of enchant weapon
 v - a scroll of fear
Potions
 b - a potion of degeneration {unknown}
 c - a potion of heal wounds
 d - a potion of haste
 e - 2 potions of magic
 f - a potion of berserk rage
 h - 2 potions of mutation
 k - 3 potions of flight
 n - 3 potions of brilliance {unknown}
 q - a potion of attraction
 r - a potion of might
Miscellaneous
 p - a phantom mirror


   Skills:
 + Level 19.9 Fighting
 + Level 23.0 Axes
 + Level 15.2 Dodging
 + Level 6.8 Stealth
 + Level 3.9 Evocations


You had 11 spell levels left.
You didn't know any spells.
Your spell library was empty.

Dungeon Overview and Level Annotations

Branches:
Dungeon (1/1)

Altars:
Cheibriados
Dithmenos
Elyvilon
Fedhas
Gozag
Hepliaklqana
Kikubaaqudgha
Makhleb
Nemelex Xobeh
Okawaru
Qazlal
Ru
Sif Muna
Trog
Uskayaw
Vehumet
Wu Jian
Xom
Yredelemnul
Zin
The Shining One
Beogh
Jiyva
Lugonu

Shops:
D !?[(=!**(:(:


Innate Abilities, Weirdness & Mutations

You can breathe bolts of dispelling energy.
Your rich purple scales are hard. (AC +8)
You cannot fit into any form of body armour.
You are cold-blooded and may be slowed by cold attacks.
Your flesh is cold resistant. (rC+)


Message History

You feel as though you will be slow longer.
You feel extremely sick. The death drake breathes miasma at you.
The foul vapour engulfs you!
You are lethally poisoned!
You feel as though you will be slow longer.
You hit the death drake.
Your tail-slap misses the death drake.
The death drake is almost dead.
You are engulfed in dark miasma.
You are more poisoned.
You feel extremely sick.
The death drake bites you but does no damage.
You barely miss the death drake.
The death drake is almost dead.
* * * LOW HITPOINT WARNING * * *
You feel extremely sick. The death drake barely misses you.
You carve the death drake like a ham!!!
You kill the death drake!
Trog accepts your kill.
* * * LOW HITPOINT WARNING * * *
You feel extremely sick.
Your Axes skill increases to level 23!
Really walk into that cloud of foul pestilence?
Okay, then.
Unknown command.
Really walk into that cloud of foul pestilence?
Okay, then.
There is a lethal amount of poison in your body!
* * * LOW HITPOINT WARNING * * *
You feel extremely sick.
You feel a strong urge to attack something.
* * * LOW HITPOINT WARNING * * *
You feel extremely sick.
Unknown command.
Unknown command.
You are no longer berserk.
You are exhausted.
You feel as though you will be slow longer.
You die...

♣♣♣♣♣♣♣#..♣♣ ♣♣♣##'##
♣ ###'♣♣♣♣♣♣♣♣♣♣♣♣♣♣♣
#...' ##♣
♣♣♣♣.##..##≈≈≈≈≈≈..#
#)..# ..♣♣
♣...##.##.#≈≈≈≈≈...#
#...# ##'♣
♣♣.##†##.##†≈≈≈≈≈####
##### ...♣
♣..#)##...#≈≈......$
#...) ####♣♣
♣♣.##.##.)#≈..+####
#..)) ...PP♣
♣♣.##.#####...# #...)
....P♣ ♣†....##†@....#
#....
#+#############+######
#'### ▓..........P
#.... ▓≈≈.......P≈
#.### ▓≈≈≈.P..P.≈≈ #.#
▓≈≈≈≈≈..≈≈≈≈ #.#
▓≈≈≈≈≈≈≈≈≈≈≈ #.#
▓≈≈≈≈≈≈≈≈≈≈≈ #.#
▓≈≈≈≈≈≈≈≈≈≈≈ #.# #


There were no monsters in sight!

Vanquished Creatures
  Rupert (D)
  Gastronok (D)
  A kraken (D)
  4 azure jellies (D)
  Dowan (D)
  2 dire elephants (D)
  Josephine (D)
  2 hydras (D)
  A centaur warrior (D)
  3 death yaks (D)
  Urug (D)
  A death drake (D)
  An obsidian statue (D)
  A lindwurm (D)
  A deep elf pyromancer (D)
  An orc sorcerer (D)
  2 elephants (D)
  Duvessa (D)
  An unseen horror (D)
  2 cane toads (D)
  A komodo dragon (D)
  A rime drake (D)
  A queen bee (D)
  2 orc high priests (D)
  2 tyrant leeches (D)
  5 blink frogs (D)
  A snapping turtle (D)
  A shadow (D)
  3 redbacks (D)
  A spatial vortex (D)
  A swamp drake (D)
  3 wandering mushrooms (D)
  A necrophage (D)
  2 orc warriors (D)
  2 centaurs (D)
  An earth elemental (D)
  A scorpion (D)
  A water elemental (D)
  32 killer bees (D)
  An electric eel (D)
  A jelly (D)
  4 orc priests (D)
  Jessica (D)
  A wizard (D)
  A necromancer (D)
  A kobold demonologist (D)
  3 humans (D)
  12 orcs (D)
  An endoplasm (D)
  A frilled lizard (D)
  A rat (D)
  A fungus (D)
  A plant (D)
121 creatures vanquished.

Vanquished Creatures (collateral kills)
  A death yak (D)
  2 black mambas (D)
  3 blink frogs (D)
6 creatures vanquished.

Vanquished Creatures (others)
  11 plants (D)
  4 tentacles (D)
15 creatures vanquished.

Grand Total: 142 creatures vanquished

Notes
Turn   | Place    | Note
-------+----------+-------------------------------------------
     0 | D        | mhtbhm the Draconian Berserker began the quest for the Orb.
     0 | D        | Reached XP level 1. HP: 19/19 MP: 1/1
    75 | D        | Noticed Jessica
    84 | D        | Killed Jessica
    84 | D        | Reached ** piety under Trog
    85 | D        | Reached skill level 5 in Fighting
    85 | D        | Reached skill level 4 in Axes
    85 | D        | Reached XP level 2. HP: 24/29 MP: 2/2
   146 | D        | Reached skill level 5 in Axes
   146 | D        | Reached XP level 3. HP: 36/36 MP: 3/3
   202 | D        | Noticed a scorpion
   209 | D        | Killed a scorpion
   210 | D        | Reached skill level 6 in Axes
   210 | D        | Reached skill level 5 in Dodging
   210 | D        | Reached XP level 4. HP: 45/45 MP: 4/4
   228 | D        | Gained mutation: Your flesh is cold resistant. (rC+)
                  | [potion of mutation]
   292 | D        | Noticed a water elemental
   295 | D        | Killed a water elemental
   296 | D        | Reached skill level 7 in Axes
   296 | D        | Reached XP level 5. HP: 52/52 MP: 5/5
   336 | D        | Found a basalt altar of Yredelemnul.
   336 | D        | Found a shadowy altar of Dithmenos.
   336 | D        | Found a sacrificial altar of Ru.
   336 | D        | Noticed a necrophage
   350 | D        | Killed a necrophage
   351 | D        | Reached skill level 8 in Axes
   353 | D        | Reached *** piety under Trog
   354 | D        | Reached XP level 6. HP: 62/62 MP: 6/6
   449 | D        | Found a radiant altar of Vehumet.
   450 | D        | Found a shimmering blue altar of Sif Muna.
   450 | D        | Found an ancient bone altar of Kikubaaqudgha.
   453 | D        | Noticed a chaos spawn
   456 | D        | Noticed a red devil
   459 | D        | Noticed a ynoxinul
   460 | D        | Reached **** piety under Trog
   461 | D        | Reached skill level 1 in Stealth
   611 | D        | Found a glowing silver altar of Zin.
   611 | D        | Found a glowing golden altar of the Shining One.
   611 | D        | Found a white marble altar of Elyvilon.
   612 | D        | Noticed a deep elf pyromancer
   619 | D        | Killed a deep elf pyromancer
   620 | D        | Reached skill level 10 in Fighting
   620 | D        | Reached skill level 10 in Axes
   620 | D        | Your scales start taking on a rich purple colour.
   620 | D        | Reached XP level 7. HP: 73/73 MP: 7/7
   658 | D        | Found a hide-covered altar of Uskayaw.
   658 | D        | Found an iron altar of Okawaru.
   658 | D        | Found a bloodstained altar of Trog.
   658 | D        | Found an ornate altar of the Wu Jian Council.
   658 | D        | Noticed a human
   659 | D        | Noticed a human
   668 | D        | Killed a human
   669 | D        | Reached skill level 11 in Axes
   669 | D        | Killed a human
   670 | D        | Reached XP level 8. HP: 76/82 MP: 8/8
   806 | D        | Reached ***** piety under Trog
   807 | D        | Reached skill level 12 in Axes
   928 | D        | Found a blossoming altar of Fedhas.
   928 | D        | Found a stormy altar of Qazlal.
   928 | D        | Found a snail-covered altar of Cheibriados.
   928 | D        | Found a burning altar of Makhleb.
   928 | D        | Found a shimmering altar of Xom.
   929 | D        | Found a hazy altar of Hepliaklqana.
   929 | D        | Found an opulent altar of Gozag.
   929 | D        | Found a sparkling altar of Nemelex Xobeh.
   929 | D        | Found a corrupted altar of Lugonu.
   929 | D        | Found a viscous altar of Jiyva.
   943 | D        | Received a gift from Trog
   964 | D        | Noticed Josephine
   972 | D        | Killed Josephine
   973 | D        | Reached skill level 13 in Axes
  1192 | D        | Reached XP level 9. HP: 30/90 MP: 9/9
  1469 | D        | Noticed a centaur warrior
  1473 | D        | Killed a centaur warrior
  1474 | D        | Reached skill level 14 in Axes
  1474 | D        | Reached skill level 10 in Dodging
  1474 | D        | Reached skill level 5 in Stealth
  1526 | D        | Killed an unseen horror
  1574 | D        | Noticed a wandering mushroom
  1578 | D        | Noticed a wandering mushroom
  1580 | D        | Noticed a wandering mushroom
  1588 | D        | Identified the +3 battleaxe of Inference {vorpal, Dex+3}
                  | (Trog gifted it to you in the Dungeon)
  1588 | D        | Received a gift from Trog
  1589 | D        | Reached skill level 15 in Axes
  1850 | D        | Noticed an orc sorcerer
  1860 | D        | Killed an orc sorcerer
  1861 | D        | Reached ****** piety under Trog
  1864 | D        | Received a gift from Trog
  1872 | D        | Reached XP level 10. HP: 54/101 MP: 10/10
  1874 | D        | Found Nercheg's Distillery.
  2123 | D        | Bought a potion of attraction for 39 gold pieces
  2123 | D        | Bought a potion of might for 52 gold pieces
  2123 | D        | Bought a potion of curing for 39 gold pieces
  2180 | D        | Noticed a cane toad
  2180 | D        | Noticed a cane toad
  2191 | D        | Killed a cane toad
  2191 | D        | Received a gift from Trog
  2192 | D        | Reached skill level 16 in Axes
  2203 | D        | Killed a cane toad
  2204 | D        | HP: 2/102 [poisoned by a cane toad]
  2673 | D        | Reached skill level 17 in Axes
  2963 | D        | Noticed Dowan
  2963 | D        | Noticed Duvessa
  2972 | D        | Killed Duvessa
  2978 | D        | Killed Dowan
  2978 | D        | Received a gift from Trog
  2979 | D        | Reached skill level 1 in Evocations
  3055 | D        | Noticed a sun demon
  3056 | D        | Noticed a rust devil
  3060 | D        | Noticed a soul eater
  3078 | D        | Reached skill level 18 in Axes
  3258 | D        | Noticed an obsidian statue
  3273 | D        | Killed an obsidian statue
  3274 | D        | Reached skill level 15 in Fighting
  3274 | D        | Reached XP level 11. HP: 88/112 MP: 11/11
  3461 | D        | Found Gettomyu's General Store.
  3461 | D        | Found Lisunib's General Store.
  3461 | D        | Found Kikylis's Book Shoppe.
  3461 | D        | Found Pezxy's Distillery.
  3461 | D        | Found Parr's Weapon Shop.
  3461 | D        | Found Kenned's Book Emporium.
  3461 | D        | Found Ciqo's Weapon Boutique.
  3462 | D        | Found Ysest's Jewellery Boutique.
  3462 | D        | Found Cafagut's Antique Weapon Shoppe.
  3462 | D        | Found Jing's Antique Armour Shop.
  3462 | D        | Found Fiotota's Magic Scroll Emporium.
  3508 | D        | Bought a wand of acid (4) for 176 gold pieces
  3511 | D        | Bought a wand of digging (5) for 234 gold pieces
  3511 | D        | Bought a scroll of enchant weapon for 97 gold pieces
  3511 | D        | Bought a scroll of fear for 45 gold pieces
  3606 | D        | Identified the +1 battleaxe of Kyttaonn {antimagic, *Noise
                  | rC+ Str+7} (Trog gifted it to you in the Dungeon)
  3606 | D        | Received a gift from Trog
  3622 | D        | Received a gift from Trog
  3639 | D        | Received a gift from Trog
  3675 | D        | Received a gift from Trog
  3956 | D        | Noticed a yaktaur captain
  4137 | D        | Reached skill level 19 in Axes
  4139 | D        | Received a gift from Trog
  4210 | D        | Noticed Rupert
  4223 | D        | Killed Rupert
  4358 | D        | Noticed a death yak
  4359 | D        | Noticed a death yak
  4361 | D        | Noticed a death yak
  4364 | D        | Noticed a death yak
  4369 | D        | Killed a death yak
  4370 | D        | Reached skill level 20 in Axes
  4374 | D        | Killed a death yak
  4383 | D        | Killed a death yak
  4390 | D        | Killed a death yak
  4403 | D        | Received a gift from Trog
  4674 | D        | Noticed an azure jelly
  4674 | D        | Noticed an azure jelly
  4686 | D        | Noticed a kraken
  4704 | D        | Killed a kraken
  4705 | D        | Reached skill level 21 in Axes
  4705 | D        | Reached XP level 12. HP: 59/125 MP: 12/12
  5049 | D        | Noticed an azure jelly
  5049 | D        | Noticed an azure jelly
  5051 | D        | Noticed a dire elephant
  5051 | D        | Noticed a dire elephant
  5051 | D        | Noticed Gastronok
  5061 | D        | Killed a dire elephant
  5065 | D        | Killed a dire elephant
  5076 | D        | Killed Gastronok
  5076 | D        | Received a gift from Trog
  5308 | D        | Killed an azure jelly
  5309 | D        | Reached skill level 22 in Axes
  5309 | D        | Killed an azure jelly
  5315 | D        | Killed an azure jelly
  5319 | D        | Killed an azure jelly
  5671 | D        | Received a gift from Trog
  5838 | D        | Noticed Urug
  5841 | D        | Killed Urug
  5842 | D        | Reached skill level 15 in Dodging
  5846 | D        | Noticed a seven-headed hydra
  5846 | D        | Noticed a six-headed hydra
  5858 | D        | Killed a four-headed hydra
  5863 | D        | Killed a two-headed hydra
  6019 | D        | Reached skill level 23 in Axes
  6020 | D        | HP: 6/198 [poisoned by a death drake (dark miasma)]
  6021 | D        | Succumbed to a death drake's dark miasma

Illustrated notes

Levels and vault maps discovered:
D:        dungeon_sprint_mu [sprint_mu_entry_forest, sprint_mu_temple_rooms,
          sprint_mu_d1_horrors, sprint_mu_d2_genie, sprint_mu_d3_branching,
          sprint_mu_orc_legion, sprint_mu_elf_gauntlet, sprint_mu_hive_nellie,
          sprint_mu_lair_fedhas, sprint_mu_vaults_butterflies,
          sprint_mu_slime_circle, sprint_mu_shoals_kraken,
          sprint_mu_snake_twists, sprint_mu_blade_basic, sprint_mu_crypt_lich,
          sprint_mu_tomb_spiral, sprint_mu_vestibule_basic,
          sprint_mu_gehenna_hellfire, sprint_mu_dis_giant,
          sprint_mu_tartarus_statrot, sprint_mu_cocytus_islands, sprint_mu_zot1]

Skill      XL: |  1  2  3  4  5  6  7  8  9 10 11 12 |
---------------+-------------------------------------+-----
Dodging        | 3 4 5 6 8 9 10 12 14 15 | 15.2
Fighting       | 5 6 7 8 10 11 12 13 15 17 19 | 19.9
Axes           | 4 5 6 7 8 10 11 13 15 18 21 23 | 23.0
Stealth        | 2 4 5 6 |  6.8
Evocations     | 1 2 3 |  3.9

Action                   |  1- 3 |  4- 6 |  7- 9 | 10-12 || total
-------------------------+-------+-------+-------+-------++-------
Melee: Hand axe          |    24 |    33 |    29 |       ||    86
       Tailslap          |     3 |     3 |    16 |    51 ||    73
       Executioner's axe |       |       |    25 |       ||    25
       Battleaxe         |       |       |    29 |   284 ||   313
       Broad axe         |       |       |       |     8 ||     8
       Punch             |       |       |       |     1 ||     1
Invok: Berserk           |     2 |     4 |     6 |    14 ||    26
       Brothers in Arms  |       |       |       |     1 ||     1
 Abil: Breathe Dispellin |       |       |     1 |       ||     1
Evoke: Phantom mirror    |       |       |     1 |     3 ||     4
       Wand              |       |       |       |     3 ||     3
  Use: Potion            |       |     1 |       |     3 ||     4
 Stab: Sleeping          |       |       |     1 |     6 ||     7
Armor: Skin              |     2 |     4 |    21 |    32 ||    59
Dodge: Dodged            |     9 |    13 |    44 |   185 ||   251

Table legend: (Time is in decaauts)
 A = Elapsed time spent in this place.
 B = Non-inter-level travel time spent in this place.
 C = Inter-level travel time spent in this place.
 D = Time resting spent in this place.
 E = Time spent auto-exploring this place.
 F = Levels seen in this place.
 G = Mean time per level.
                   A        B        C        D        E       F      G
               +--------+--------+--------+--------+--------+-----+--------+
         Total |   6169 |   6169 |      0 |   4705 |     67 |   1 | 6169.0 |
       Dungeon |   6169 |   6169 |      0 |   4705 |     67 |   1 | 6169.0 |
               +--------+--------+--------+--------+--------+-----+--------+

Top non-repeatable levels by time:
       D: 6169 daAuts
